 Dungeon Crawl Stone Soup version 0.18.1-48-g4cf74bf (console) character file.

6500 utis the Covert (level 11, -1/94 HPs)
             Began as a Naga Warper on July 19, 2016.
             Was an Elder of Okawaru.
             Slain by a troll (8 damage)
             ... on level 10 of the Dungeon.
             The game lasted 00:48:01 (15576 turns).

utis the Covert (Naga Warper)                      Turns: 15576, Time: 00:48:01

Health: -1/94      AC: 10    Str: 16    XL:     11   Next: 0%
Magic:  16/18      EV:  8    Int: 14    God:    Okawaru [****..]
Gold:   415        SH:  0    Dex: 11    Spells: 5 memorised, 8 levels left

rFire  . . .     SeeInvis +     a - +2 whip (venom)
rCold  . . .     Gourm    .     S - +0 ring mail
rNeg   . . .     Faith    .     (no shield)
rPois  +         Spirit   .     q - +0 helmet
rElec  .         Dismiss  .     p - +1 cloak
rCorr  .         Reflect  .     B - +0 pair of gloves
SustAt .         Harm     .     (no barding)
MR     +....                    (no amulet)
Stlth  +++.......               L - ring of flight
                                Q - ring of stealth

@: heroism, very heavily drained, very slow, somewhat resistant to hostile
enchantments, fairly stealthy
A: see invisible, deformed body, poison resistance, slowness 2, slow metabolism
1, spit poison 2, AC +3
a: Spit Poison, Heroism, Renounce Religion, Evoke Flight


You were on level 10 of the Dungeon.
You worshipped Okawaru.
Okawaru was greatly pleased with you.
You were not hungry.

You visited 2 branches of the dungeon, and saw 11 of its levels.
You also visited: Sewer.

You collected 415 gold pieces.

Inventory:

Hand Weapons
 a - a +2 whip of venom (weapon)
 b - a +0 shortbow
 C - a +0 flail
Missiles
 e - 3 tomahawks of dispersal {=f}
 i - 53 poisoned needles
 j - 240 stones
 o - 7 javelins
 r - 86 sling bullets
 s - 100 arrows
 A - 14 tomahawks (quivered)
 D - 3 curare-tipped needles {=f}
Armour
 c - a +2 animal skin
 p - a +1 cloak (worn)
 q - a +0 helmet (worn)
 B - a +0 pair of gloves (worn)
 S - a +0 ring mail (worn)
 X - the cursed +1 leather armour "Nisahol" {Str+4, unknown}
   (You found it on level 6 of the Dungeon)

   It affects your strength (+4).
   It has a curse placed upon it.
Jewellery
 L - a ring of flight (right hand)
 Q - a ring of stealth (left hand)
 Z - a cursed +4 ring of protection {unknown}
Wands
 v - a wand of disintegration (14/24)
 J - a wand of acid (0/15)
Scrolls
 d - a scroll of blinking
 m - 2 scrolls of remove curse {@r2}
 u - 2 scrolls of enchant armour {unknown}
 x - 5 scrolls of teleportation {@r4}
 y - 2 scrolls of fear
 z - 2 scrolls of recharging {unknown}
 I - a scroll of immolation {unknown}
 M - a scroll of fog {unknown}
 P - 2 scrolls of enchant weapon {unknown}
 V - 4 scrolls of identify {@r1}
Potions
 g - 8 potions of curing {@q1}
 h - 6 potions of flight
 k - a potion of agility
 l - a potion of lignification {unknown}
 t - 2 potions of resistance {unknown}
 w - a potion of berserk rage {unknown}
 E - 3 potions of heal wounds {@q2}
 H - a potion of mutation {unknown}
 U - 2 potions of brilliance
Books
 N - a book of Enchantments

   Spells                             Type                      Level
   a - Cause Fear                     Hexes                        4
   b - Yara's Violent Unravelling     Hexes/Transmutation          5
   c - Silence                        Hexes/Air                    5
   d - Deflect Missiles               Charms/Air                   6
   e - Haste                          Charms                       6
   f - Discord                        Hexes                        8
 O - a book of Callings

   Spells                             Type                      Level
   a - Summon Small Mammal            Summoning                    1
   b - Call Imp                       Summoning                    2
   c - Call Canine Familiar           Summoning                    3
   d - Summon Guardian Golem          Hexes/Summoning              3
   e - Summon Lightning Spire         Summoning/Air                4
   f - Summon Ice Beast               Ice/Summoning                4
 T - a book of Spatial Translocations

   Spells                             Type                      Level
   a - Apportation                    Translocation                1
   b - Blink                          Translocation                2
   c - Shroud of Golubria             Charms/Translocation         2
   d - Portal Projectile              Translocation                3
   e - Teleport Other                 Translocation                3
   f - Passage of Golubria            Translocation                4
Comestibles
 f - 9 bread rations {@e1}
 n - 5 meat rations {@e1}
 G - 2 royal jellies {@e3}
 R - 6 fruits {@e2}
 Y - a beef jerky {@e2}


   Skills:
 + Level 5.0(0.7) Fighting
 * Level 8.7(3.5) Maces & Flails
 - Level 0.8(0.0) Throwing
 + Level 3.4(0.0) Armour
 + Level 3.5(0.0) Dodging
 + Level 9.8(4.3) Stealth
 - Level 5.3(0.0) Spellcasting
 - Level 8.6(0.0) Translocations
 - Level 2.5(0.0) Invocations


You had 8 spell levels left.
You knew the following spells:

 Your Spells              Type           Power        Failure   Level  Hunger
a - Apportation           Tloc           #.........   58%         1    ##.....
d - Passage of Golubria   Tloc           N/A          100%        4    #####..
g - Shroud of Golubria    Chrm/Tloc      #.........   82%         2    ###....
o - Teleport Other        Tloc           #.......     98%         3    ####...
v - Blink                 Tloc           N/A          82%         2    ###....


Dungeon Overview and Level Annotations

Branches:
Dungeon (10/15)            Temple (1/1) D:5
   Lair: D:8-11         Orc: D:9-12

Altars:
Ashenzari
Cheibriados
Dithmenos
Elyvilon
Fedhas
Gozag
Kikubaaqudgha
Makhleb
Nemelex Xobeh
Okawaru
Pakellas
Qazlal
Ru
Sif Muna
Trog
Vehumet
Xom
Yredelemnul
Zin
The Shining One

Annotations:
D:10 Nergalle, Sonja


Innate Abilities, Weirdness & Mutations

You cannot wear boots.
Your serpentine skin is tough (AC +3).
You have supernaturally acute eyesight.
Armour fits poorly on your strangely shaped body.
Your system is resistant to poisons.
You cover ground very slowly.
You have a slow metabolism.
You can spit poison.


Message History

* * * LOW HITPOINT WARNING * * *
The troll claws you but does no damage.
You gain the combat prowess of a mighty hero.
You feel slightly more hungry. The troll bites you but does no damage.
The troll claws you but does no damage. The troll claws you.
* * * LOW HITPOINT WARNING * * *
Unknown command.
You closely miss the troll.
The troll is severely wounded.
The troll bites you.
* * * LOW HITPOINT WARNING * * *
The troll barely misses you. The troll claws you.
* * * LOW HITPOINT WARNING * * *
Unknown command.
You hit the troll but do no damage.
The troll is severely wounded.
The troll bites you!
* * * LOW HITPOINT WARNING * * *
The troll claws you!
You die...

░░░ ░.░ ░░.░ ...░
...░░░░░░░░░░░░░ ░░░ ░░░
...............░ ░.░░░.░
...............░░░▒░░░...░░░░░░░
...>.▒▒▒▒▒.....TN.....░░░...░░.░░
.....▒ ▒.....░░░░░▒░.░░░░░..░░░
.....▒▒▒▒▒.....░ ░░░ ░.....
...............░ ░░░...
.....▒▒▒▒▒.....░ ░.░░
.....▒▒▒▒▒.....░ ░░░
...............░░░░░░░░░░░░░░░░░░
.................................
.................................


You could see a troll.

Vanquished Creatures
  Pikel (D:6)
  Maurice (D:8)
  Joseph (D:8)
  A spriggan (D:7)
  Eustachio (D:5)
  3 hippogriffs
  Grum (D:8)
  A mottled dragon (D:10)
  An ice beast (D:6)
  2 slaves (D:6)
  3 sky beasts
  7 ogres
  2 wolves (D:8)
  A phantom (D:9)
  2 centaurs
  2 crocodiles
  6 big kobolds
  5 giant frogs
  A wyvern skeleton (D:9)
  6 killer bees (D:9)
  4 howler monkeys
  An electric eel (D:9)
  A giant frog zombie (D:8)
  2 crimson imps
  7 jellies
  2 centaur zombies
  10 orc wizards
  A centaur skeleton (D:8)
  2 hounds
  2 orc priests
  A giant frog skeleton (D:6)
  5 iguanas
  7 worker ants
  A killer bee zombie (D:9)
  3 hound skeletons
  2 hound zombies
  A howler monkey zombie (D:5)
  2 worker ant zombies
  3 gnolls (D:6)
  11 adders
  7 river rats
  3 shadow imps
  8 oozes
  An adder zombie (D:7)
  An adder skeleton (D:3)
  6 worms
  7 dart slugs
  2 giant geckos
  36 orcs
  5 bats
  5 giant cockroaches
  6 goblins
  9 hobgoblins
  11 jackals
  7 quokkas
  8 ball pythons
  A giant cockroach zombie (D:8)
  8 giant newts
  A jackal skeleton (D:5)
  27 kobolds
  A quokka zombie (D:7)
  27 rats
  A spectral orc (D:6)
304 creatures vanquished.

Vanquished Creatures (others)
  The ghost of Galewind the Thaumaturge, a novice DECj (D:5)
  A howler monkey (D:6)
  A fungus (D:9)
3 creatures vanquished.

Grand Total: 307 creatures vanquished

Notes
Turn   | Place    | Note
--------------------------------------------------------------
     0 | D:1      | utis the Naga Warper began the quest for the Orb.
     0 | D:1      | Reached XP level 1. HP: 19/19 MP: 3/3
   388 | D:1      | Reached XP level 2. HP: 12/26 MP: 5/5
   521 | D:1      | Learned a level 2 spell: Shroud of Golubria
   524 | D:1      | Learned a level 2 spell: Blink
   608 | D:1      | Reached skill level 1 in Stealth
  1259 | D:1      | Reached XP level 3. HP: 27/32 MP: 6/6
  1454 | D:1      | Reached skill level 2 in Stealth
  2090 | D:2      | Reached skill level 3 in Stealth
  2273 | D:2      | Reached XP level 4. HP: 27/39 MP: 7/7
  3281 | D:2      | Found an ancient bone altar of Kikubaaqudgha.
  4014 | D:3      | Reached XP level 5. HP: 39/45 MP: 8/8
  4128 | D:3      | Learned a level 3 spell: Teleport Other
  4183 | D:3      | Reached skill level 4 in Stealth
  5731 | D:4      | Reached XP level 6. HP: 52/52 MP: 9/9
  5751 | D:4      | Reached skill level 5 in Maces & Flails
  5751 | D:4      | Reached skill level 5 in Stealth
  6685 | D:4      | d'oh poison spit
  6754 | D:4      | Reached skill level 6 in Stealth
  6754 | D:4      | Reached XP level 7. HP: 61/61 MP: 10/10
  6914 | D:5      | Entered Level 5 of the Dungeon
  6985 | D:5      | Found a glowing drain.
  7184 | Sewer    | Entered a sewer
  8084 | D:5      | Reached skill level 7 in Stealth
  8113 | D:5      | Reached skill level 1 in Armour
  8148 | D:5      | Killed Galewind's ghost
  8351 | D:5      | Reached XP level 8. HP: 69/69 MP: 11/11
  8463 | D:5      | Noticed Eustachio
  8745 | D:5      | Found a staircase to the Ecumenical Temple.
  8754 | Temple   | Entered the Ecumenical Temple
  8859 | Temple   | Became a worshipper of Warmaster Okawaru
  8951 | D:5      | Killed Eustachio
  9585 | D:6      | Reached skill level 8 in Stealth
  9831 | D:6      | Got a slimy leather armour
  9871 | D:6      | Noticed Pikel
 10031 | D:6      | Paralysed by Pikel for 2 turns
 10040 | D:6      | Killed Pikel
 10040 | D:6      | Reached * piety under Okawaru
 10040 | D:6      | Reached XP level 9. HP: 79/79 MP: 12/12
 10244 | D:6      | Found a basalt altar of Yredelemnul.
 10516 | D:6      | Learned a level 4 spell: Passage of Golubria
 10905 | D:7      | Reached ** piety under Okawaru
 11079 | D:7      | Reached skill level 5 in Translocations
 11407 | D:7      | Found a burning altar of Makhleb.
 11598 | D:8      | Noticed Joseph
 11618 | D:8      | Killed Joseph
 11618 | D:8      | Reached XP level 10. HP: 82/87 MP: 15/15
 11656 | D:8      | Found a bloodstained altar of Trog.
 11867 | D:8      | Noticed Maurice
 11867 | D:8      | Noticed Grum
 12056 | D:8      | Reached *** piety under Okawaru
 12771 | D:8      | Killed Grum
 12771 | D:8      | Reached skill level 5 in Spellcasting
 12792 | D:8      | Killed Maurice
 13106 | D:9      | Reached skill level 1 in Invocations
 13247 | D:9      | Reached **** piety under Okawaru
 13265 | D:9      | Found a glowing golden altar of the Shining One.
 13350 | D:9      | Reached skill level 9 in Stealth
 13417 | D:9      | Reached skill level 5 in Fighting
 14379 | D:9      | Found a deep blue altar of Sif Muna.
 14498 | D:10     | Entered Level 10 of the Dungeon
 14498 | D:10     | Noticed Nergalle
 14650 | D:10     | Noticed Sonja
 15213 | D:10     | Reached XP level 11. HP: 28/94 MP: 15/18
 15576 | D:10     | Slain by a troll

Skill      XL: |  1  2  3  4  5  6  7  8  9 10 |
---------------+-------------------------------+-----
Stealth        | 1 3 4 6 7 8 9 |  9.8
Maces & Flails | 3 4 5 6 8 |  8.7
Fighting       | 3 4 5 |  5.0
Armour         | 1 2 3 |  3.4
Dodging        | 2 3 |  3.5
Translocations | 6 8 |  8.6
Spellcasting   | 3 5 |  5.3
Invocations    | 2 |  2.5
Throwing       | |  0.8

Action                   |  1- 3 |  4- 6 |  7- 9 | 10-12 || total
-------------------------+-------+-------+-------+-------++-------
Melee: Mace              |   125 |   176 |       |       ||   301
       Flail             |       |   100 |    90 |    57 ||   247
       Whip              |       |       |   232 |   351 ||   583
 Fire: Hunting sling     |       |    32 |   102 |       ||   134
       Shortbow          |       |       |    51 |    26 ||    77
       Blowgun           |       |       |    30 |     3 ||    33
Throw: Stone             |    33 |    52 |       |       ||    85
       Tomahawk          |       |     2 |    37 |    13 ||    52
 Cast: Shroud of Golubri |       |    14 |     5 |     9 ||    28
       Teleport Other    |       |       |       |     1 ||     1
Invok: Heroism           |       |       |     1 |     4 ||     5
 Abil: Spit Poison       |       |     2 |    19 |    49 ||    70
Evoke: Wand              |       |       |     2 |       ||     2
  Use: Scroll            |       |     9 |     4 |       ||    13
       Potion            |       |       |     2 |     2 ||     4
 Stab: Sleeping          |     1 |     5 |     1 |     3 ||    10
       Distracted        |       |     1 |       |     1 ||     2
  Eat: Chunk             |     3 |    13 |    13 |     9 ||    38
       Beef jerky        |       |       |     1 |       ||     1
       Bread ration      |       |       |       |     1 ||     1
Armor: Leather armour    |    50 |   108 |    35 |       ||   193
       Ring mail         |       |       |   142 |   193 ||   335
Dodge: Dodged            |    71 |   145 |   162 |   185 ||   563
